 Dungeon Crawl Stone Soup version 0.26.1-11-gd32895ea62 (webtiles) character file.

Game seed: 16976616718735274338

55122 KamiKatze the Cleaver (level 14, -6/110 HPs)
             Began as a Merfolk Berserker on Apr 26, 2021.
             Was a High Priest of Trog.
             Mangled by a red devil
             ... wielding a +0 trident
             ... summoned by an orc high priest
              (8 damage)
             ... on level 2 of the Orcish Mines.
             The game lasted 01:55:53 (23908 turns).

KamiKatze the Cleaver (Merfolk Berserker)          Turns: 23908, Time: 01:55:54

Health: -6/110     AC: 21    Str: 21 (22) XL:     14   Next: 75%
Magic:  14/14      EV: 16    Int:  6 (7)  God:    Trog [*****.]
Gold:   1697       SH:  6    Dex: 11 (13) Spells: 13/13 levels left

rFire    . . .     SeeInvis .   a - +0 broad axe (drain)
rCold    . . .     Faith    .   D - +0 buckler
rNeg     . . .     Spirit   .   G - +9 ring mail of the Unbroken {+Blink Slay+2}
rPois    .         Reflect  .   F - +1 helmet
rElec    .         Harm     .   (no cloak)
rCorr    +         Rampage  .   (no gloves)
Will     +....                  (no boots)
Stlth    +.........             V - amulet of regeneration
HPRegen  0.68/turn              O - +4 ring of protection
MPRegen  0.14/turn              I - ring of resist corrosion

@: no status effects
A: change form in water, swift swim, stealthy swim, deterioration 1
a: Renounce Religion, Evoke Blink, Berserk, Trog's Hand, Brothers in Arms


You were on level 2 of the Orcish Mines.
You worshipped Trog.
Trog was extremely pleased with you.
You visited 4 branches of the dungeon, and saw 20 of its levels.

You collected 1821 gold pieces.
You spent 124 gold pieces at shops.

Inventory:

Hand Weapons
 a - a +0 broad axe of draining (weapon)
 b - a +1 war axe of freezing
 q - a +1 antimagic great mace
 w - a +2 hand axe of flaming
Missiles
 d - 416 stones
 f - a throwing net
 n - 56 poisoned darts (quivered)
 Q - 8 atropa-tipped darts
Armour
 D - a +0 buckler (worn)
 F - a +1 helmet (worn)
 G - the +9 ring mail of the Unbroken (worn) {+Blink Slay+2}
   (You found it on level 5 of the Dungeon)

   It affects your accuracy and damage with ranged weapons and melee attacks
   (+2).
   It lets you blink.
Jewellery
 x - an uncursed ring of poison resistance
 I - a ring of resist corrosion (right hand)
 O - a +4 ring of protection (left hand)
 V - an amulet of regeneration (around neck)
Wands
 i - a wand of flame (5)
 j - a wand of iceblast (37)
 p - a wand of digging (11)
 K - a wand of acid (8)
 L - a wand of disintegration (8)
 U - a wand of polymorph (1)
Scrolls
 c - 4 scrolls of fear
 g - 8 scrolls of teleportation
 r - 4 scrolls of magic mapping
 y - a scroll of blinking
 H - 8 scrolls of remove curse
 P - 3 scrolls of fog
Potions
 e - 9 potions of heal wounds
 h - 7 potions of might
 l - a potion of lignification
 t - 2 potions of cancellation
 u - 3 potions of mutation
 v - 3 potions of haste
 z - a potion of invisibility
 A - 7 potions of curing
 C - a potion of resistance
 J - 3 potions of flight
 N - 2 potions of attraction
Miscellaneous
 k - a tin of tremorstones (2/2)
 B - a condenser vane


   Skills:
 - Level 10.0 Fighting
 * Level 14.6 Axes
 + Level 6.8 Armour
 - Level 10.0 Dodging
 * Level 9.2 Shields
 - Level 8.0 Evocations


You had 13 spell levels left.
You didn't know any spells.
Your spell library was empty.

Dungeon Overview and Level Annotations

Branches:
Dungeon (11/15)            Temple (1/1) D:6            Lair (6/6) D:8
  Swamp (0/4) Lair:4        Snake (0/4) Lair:3        Slime (0/5) Lair:5
    Orc (2/2) D:9             Elf (0/3) Orc:2

Altars:
Ashenzari
Cheibriados
Dithmenos
Elyvilon
Fedhas
Gozag
Hepliaklqana
Kikubaaqudgha
Makhleb
Nemelex Xobeh
Okawaru
Qazlal
Ru
Sif Muna
Trog
Uskayaw
Vehumet
Wu Jian
Xom
Yredelemnul
Zin
The Shining One
Jiyva

Shops:
D:9 (   Orc:2 !?*

Annotations:
D:3 3 runed translucent doors, exclusion: 3 doors, kalagan's ghost, amateur DECj
Lair:2 3 runed translucent doors, exclusion: 3 doors, Qoesoec's ghost, journeyman GrFi
Orc:1 1 runed translucent door, exclusion: door, destino's ghost, journeyman DgFi


Innate Abilities, Weirdness & Mutations

You revert to your normal form in water.
You are very nimble and swift while swimming.
You are very stealthy in the water. (Stealth+)
Your body sometimes deteriorates upon taking damage.


Message History

You hit the sun demon but do no damage.
The sun demon is heavily wounded.
You hit the orc knight but do no damage.
The sun demon hits you!!
* * * LOW HITPOINT WARNING * * *
Your body deteriorates!
You feel dopey.
You are engulfed in flames!!
* * * LOW HITPOINT WARNING * * *
You feel much better.
The orc knight no longer looks unusually strong.
The sun demon closely misses you.
Your troll goes berserk!
The orc knight barely misses you. The sun demon hits you!!
* * * LOW HITPOINT WARNING * * *
You are engulfed in flames!
* * * LOW HITPOINT WARNING * * *
Your body deteriorates!
You feel clumsy.
The red devil hops backward while attacking.
The red devil hits you from afar with a +0 trident!
You die...

.## .o.#
##..#....#....... ##
#... #####........... #
#..o ##..[)....... #o. #
##.#..##..#.##
#...###...####[.....
#.#.###..##........
##).T###...........
##.#3###............ .#
##4o@###......#.#....
..##
##...###........##.... #
..##
##...###..###...##.....
## ...##
##...###..###....###....
)###...###...###..##
##..##..#...
..##....#....##..##
#..........
#).#.#.....#.#).##
##....#.#..#
##.).†.......).##
#......∩....
###...#.#.#...##
##....#"#...


You could see an orc knight (drained), a sun demon (summoned), a red devil
(summoned) and a friendly troll (summoned, berserk).

Vanquished Creatures
  An orc warlord (Orc:1)
  A fire dragon (Lair:6)
  4 hydras
  A catoblepas (Lair:6)
  A two-headed ogre (D:9)
  5 death yaks (Lair:6)
  A queen ant (D:11)
  A sixfirhy (Orc:2)
  A swamp dragon (Lair:6)
  3 orc knights (Orc:2)
  An ugly thing (D:11)
  3 orc sorcerers
  A manticore (D:11)
  2 oklob plants (Lair:2)
  A guardian serpent (Lair:3)
  A rust devil (Orc:2)
  7 black mambas
  Psyche (D:11)
  A smoke demon (Orc:2)
  Maggie (D:10)
  8 cane toads
  A torpor snail (Lair:5)
  3 centaur skeletons
  A gargoyle (D:10)
  11 komodo dragons
  2 ice devils (Orc:1)
  8 rime drakes
  2 polar bears
  4 trolls (Orc:1)
  15 blink frogs
  2 wyverns (Lair:5)
  A wraith (D:10)
  45 yaks
  7 steam dragons
  Grum (Lair:1)
  3 basilisks
  A neqoxec (Orc:2)
  4 wargs
  Menkaure (D:4)
  6 soldier ants (D:11)
  2 acid dragons (Lair:6)
  15 water moccasins
  3 ice beasts
  24 orc warriors
  7 sky beasts
  A black bear (Lair:5)
  2 phantoms (D:5)
  An eye of draining (D:10)
  5 centaurs
  9 ogres
  5 necrophages
  10 wolves
  A big kobold (D:11)
  25 bullfrogs
  A wyvern zombie (D:10)
  A water moccasin zombie (D:8)
  3 scorpions
  5 killer bees (D:10)
  5 electric eels
  14 wights
  A howler monkey (D:11)
  2 centaur zombies
  2 bullfrog zombies
  2 jellies
  21 orc wizards
  A gnoll shaman (D:4)
  5 hounds
  23 orc priests
  5 bullfrog skeletons
  4 iguanas
  5 hell rats (Lair:5)
  25 worker ants
  3 hound zombies
  3 hound skeletons
  3 mummies (D:8)
  6 gnolls
  2 howler monkey skeletons
  19 adders
  A shadow imp (D:7)
  3 white imps (D:10)
  2 ufetubi (D:5)
  3 adder skeletons
  3 worms
  3 dart slugs
  8 leopard geckos
  68 orcs
  A bat zombie (D:5)
  8 giant cockroaches
  17 goblins
  7 hobgoblins
  13 jackals
  6 quokkas
  2 ball pythons
  8 bats
  7 frilled lizards
  13 kobolds
  A quokka zombie (D:8)
  12 rats
  A spectral orc (D:6)
622 creatures vanquished.

Vanquished Creatures (collateral kills)
  A boulder beetle (D:11)
  A wight (D:11)
2 creatures vanquished.

Vanquished Creatures (others)
  An iguana (Lair:6)
  16 fungi
  64 plants
81 creatures vanquished.

Grand Total: 705 creatures vanquished

Notes
Turn   | Place    | Note
-------+----------+-------------------------------------------
     0 | D:1      | KamiKatze the Merfolk Berserker began the quest for the
                  | Orb.
     0 | D:1      | Reached XP level 1. HP: 18/18 MP: 1/1
   145 | D:1      | Reached XP level 2. HP: 22/24 MP: 2/2
   752 | D:2      | Reached skill level 3 in Axes
   752 | D:2      | Reached XP level 3. HP: 22/29 MP: 3/3
  1170 | D:2      | Reached ** piety under Trog
  1371 | D:2      | Reached XP level 4. HP: 35/37 MP: 4/4
  1593 | D:2      | Found an opulent altar of Gozag.
  1593 | D:2      | Found a bloodstained altar of Trog.
  2027 | D:3      | Noticed kalagan's ghost (amateur DECj)
  2068 | D:3      | Found a runed translucent gate.
  2069 | D:3      | Found a runed translucent gate.
  2070 | D:3      | Found a runed translucent gate.
  2222 | D:3      | Found a glowing golden altar of the Shining One.
  2234 | D:3      | Reached XP level 5. HP: 38/42 MP: 5/5
  2412 | D:3      | Reached *** piety under Trog
  2512 | D:3      | Reached skill level 4 in Axes
  2816 | D:4      | Reached skill level 1 in Evocations
  2879 | D:4      | Noticed Menkaure
  2885 | D:4      | Killed Menkaure
  2886 | D:4      | Reached XP level 6. HP: 13/48 MP: 6/6
  3074 | D:4      | Reached skill level 5 in Axes
  3117 | D:4      | Found a sacrificial altar of Ru.
  3234 | D:4      | Reached XP level 7. HP: 31/54 MP: 7/7
  3531 | D:4      | Reached skill level 6 in Axes
  3548 | D:5      | Entered Level 5 of the Dungeon
  3556 | D:5      | Reached skill level 1 in Shields
  3565 | D:5      | Got a translucent ring mail
  3577 | D:5      | Identified the +9 ring mail of the Unbroken {+Blink Slay+2}
                  | (You found it on level 5 of the Dungeon)
  3698 | D:5      | Reached XP level 8. HP: 51/60 MP: 8/8
  3927 | D:5      | Reached **** piety under Trog
  3935 | D:5      | Found a shimmering blue altar of Sif Muna.
  3951 | D:5      | Reached skill level 7 in Axes
  4192 | D:5      | Found an ancient bone altar of Kikubaaqudgha.
  4455 | D:5      | Noticed a yak
  4462 | D:5      | Killed a yak
  4477 | D:5      | Reached skill level 8 in Axes
  4618 | D:6      | Reached XP level 9. HP: 64/65 MP: 9/9
  4666 | D:6      | Found a blossoming altar of Fedhas.
  4684 | D:6      | Found a burning altar of Makhleb.
  4724 | D:6      | Found a staircase to the Ecumenical Temple.
  4749 | Temple   | Entered the Ecumenical Temple
  5129 | D:6      | Found a basalt altar of Yredelemnul.
  5305 | D:6      | Reached skill level 9 in Axes
  5939 | D:7      | Got an ancient chain mail
  6036 | D:7      | Found an iron altar of Okawaru.
  6202 | D:7      | Reached skill level 5 in Shields
  6595 | D:7      | Found a burning altar of Makhleb.
  6702 | D:7      | Identified the +8 chain mail "Risuorr" {Int+2 Stlth+} (You
                  | found it on level 7 of the Dungeon)
  6982 | D:8      | Reached skill level 10 in Axes
  7219 | D:8      | Reached XP level 10. HP: 49/71 MP: 10/10
  7470 | D:8      | Reached ***** piety under Trog
  7690 | D:8      | Reached skill level 5 in Fighting
  7708 | D:8      | Received a gift from Trog
  7868 | D:8      | Found a sparkling altar of Nemelex Xobeh.
  8124 | D:8      | Found an ornate altar of the Wu Jian Council.
  8126 | D:8      | Found a shadowy altar of Dithmenos.
  8354 | D:8      | Found a staircase to the Lair.
  8510 | D:9      | Found Vozxuc's Weapon Shoppe.
  8606 | D:9      | Found a white marble altar of Elyvilon.
  8728 | D:9      | Found a staircase to the Orcish Mines.
  8847 | D:9      | Noticed a two-headed ogre
  8882 | D:9      | Killed a two-headed ogre
  9149 | D:9      | Reached skill level 11 in Axes
  9175 | D:9      | Found a stormy altar of Qazlal.
  9227 | D:10     | Entered Level 10 of the Dungeon
  9255 | D:10     | Reached XP level 11. HP: 80/81 MP: 11/11
  9389 | D:10     | Found a broken altar of Ashenzari.
 10134 | D:10     | Noticed Maggie
 10149 | D:10     | Killed Maggie
 10254 | D:10     | Reached skill level 5 in Evocations
 10714 | D:9      | Bought a +0 broad axe for 60 gold pieces
 10795 | D:11     | Noticed Psyche
 10800 | D:11     | Killed Psyche
 10801 | D:11     | Reached skill level 5 in Dodging
 10901 | D:11     | Got a faintly humming ring mail
 10961 | D:11     | Noticed a queen ant
 11007 | D:11     | Killed a queen ant
 11151 | D:11     | Received a gift from Trog
 11274 | D:11     | Noticed a green ugly thing
 11304 | D:11     | Killed a green ugly thing
 11603 | D:11     | Noticed a manticore
 11618 | D:11     | Killed a manticore
 11642 | D:11     | Noticed a boulder beetle
 11853 | D:11     | Killed a boulder beetle
 12398 | Lair:1   | Entered Level 1 of the Lair of Beasts
 12439 | Lair:1   | Identified the cursed +0 ring mail "Yles" {Str+3 Dex+4}
                  | (You found it on level 11 of the Dungeon)
 12549 | Lair:1   | Reached XP level 12. HP: 91/91 MP: 12/12
 12618 | Lair:1   | Reached skill level 12 in Axes
 12650 | Lair:1   | Noticed Grum
 12684 | Lair:1   | Killed Grum
 13629 | Lair:2   | Found a runed translucent gate.
 13629 | Lair:2   | Found a runed translucent gate.
 13629 | Lair:2   | Found a runed translucent gate.
 14178 | Lair:2   | Noticed Qoesoec's ghost (journeyman GrFi)
 14178 | Lair:2   | Noticed a minotaur
 14943 | Lair:3   | Found a staircase to the Snake Pit.
 15031 | Lair:3   | Reached skill level 5 in Armour
 15135 | Lair:3   | Noticed a four-headed hydra
 15158 | Lair:3   | Killed a one-headed hydra
 15159 | Lair:3   | Reached XP level 13. HP: 66/101 MP: 13/13
 15248 | Lair:3   | Received a gift from Trog
 15407 | Lair:3   | Reached skill level 13 in Axes
 16293 | Lair:4   | Found a staircase to the Swamp.
 17302 | Lair:5   | Found a viscous altar of Jiyva.
 17302 | Lair:5   | Found a staircase to the Slime Pits.
 17792 | Lair:5   | Reached skill level 10 in Dodging
 17936 | Lair:5   | Reached skill level 10 in Fighting
 18768 | Lair:6   | Entered Level 6 of the Lair of Beasts
 18901 | Lair:6   | Found an iron altar of Okawaru.
 19446 | Lair:6   | Reached XP level 14. HP: 110/110 MP: 14/14
 19833 | Lair:6   | Reached skill level 14 in Axes
 20077 | Lair:6   | Received a gift from Trog
 21256 | Orc:1    | Entered Level 1 of the Orcish Mines
 21418 | Orc:2    | Entered Level 2 of the Orcish Mines
 21968 | Orc:1    | Found a frozen archway.
 22140 | Orc:1    | Found a runed translucent door.
 22140 | Orc:1    | Noticed destino's ghost (journeyman DgFi)
 22461 | Orc:2    | Received a gift from Trog
 22568 | Orc:2    | Found Piuwah's Assorted Antiques.
 22595 | Orc:1    | Noticed an orc warlord
 22714 | Orc:2    | Bought a scroll of identify for 64 gold pieces
 22819 | Orc:1    | Killed an orc warlord
 23242 | Orc:2    | Found a staircase to the Elven Halls.
 23358 | Orc:2    | Gained mutation: Your body sometimes deteriorates upon
                  | taking damage. [a neqoxec]
 23541 | Orc:2    | Found Mifar's Distillery.
 23570 | Orc:2    | Found Tarhuot's Magic Scroll Shoppe.
 23860 | Orc:2    | Received a gift from Trog
 23908 | Orc:2    | HP: 2/110 [sun demon[an orc high priest] (13)]
 23908 | Orc:2    | Mangled by a red devil

Illustrated notes

Levels and vault maps discovered:
D:1:      nagdon_arrival_zigzag_paths, layout_basic, minmay_domino_2
D:2:      layout_rooms, gammafunk_temple_overflow_statue,
          kennysheep_big_empty_room, hangedman_decor_lopped,
          minmay_goblin_outpost
D:3:      minmay_octagon_keep, layout_basic, general_overflow_altar,
          gammafunk_ghost_icy
D:4:      kennysheep_spiral_hall, layout_cave_pools, nicolae_ru_awakened_eye,
          uniq_menkaure
D:5:      layout_loops_cross, lemuel_zombie_altar_kikubaaqudgha,
          old_standard_altar, minmay_small_thing
D:6:      layout_basic, yredelemnul_forgotten_temple_becter,
          kennysheep_little_box, minmay_temple_entry_statues_fountains,
          basic_altar
D:7:      layout_cave_pods, lemuel_coloured_pillars_altar,
          okawaru_altar_gauntlet_db
D:8:      layout_rooms, gammafunk_temple_overflow_pools, erik_lair_dragon,
          serial_undead, serial_undead_a, serial_undead_d, serial_undead_e,
          serial_undead_d, basic_altar
D:9:      layout_rooms, elyvilon_altar_5, nicolae_qazlal_style_of_elements,
          serial_shops, shop_statue, hangedman_abyss_or_decor_jellyfish_corner,
          grunt_decor_fettered
D:10:     layout_grid_maze, evilmike_ruin_ashenzari, uniq_maggie
D:11:     layout_cave_pods, minmay_another_anthill, uniq_psyche
Temple:   jpeg_temple_island
Lair:1:   layout_roguey, serial_bayou_shore_a, infiniplex_staircase_pool,
          grunt_megastairs_5, uniq_grum
Lair:2:   layout_hall_layers, maelrawn_ghost_gauntlet_escape,
          minmay_lair_oklob_chamber
Lair:3:   layout_roguey, minmay_snake_entry_spellcaster, serial_bayou_pond_b,
          nzn_random_ring
Lair:4:   layout_hall_layers, minmay_swamp_entry_eels, serial_rivers,
          chequers_serial_rivers_micro_e, chequers_serial_rivers_small_3,
          chequers_serial_rivers_micro_b, chequers_serial_rivers_small_a,
          chequers_serial_rivers_small_3, grunt_megastairs_4
Lair:5:   layout_cave_pods, slime_altar_1, minmay_holes
Lair:6:   guppyfry_lair_end_dragon, layout_long_grid, basic_altar
Orc:1:    layout_diamond_mine, portal_ice_cave_demonic_guard,
          ebering_ghost_inner_flame
Orc:2:    pf_orc_diabolical, layout_caves, serial_shops, nicolae_shop_crystal

Skill      XL: |  1  2  3  4  5  6  7  8  9 10 11 12 13 14 |
---------------+-------------------------------------------+-----
Dodging        | 3 6 8 10 | 10.0
Axes           | 3 4 5 6 8 10 11 12 13 14 | 14.6
Armour         | 2 3 5 6 |  6.8
Fighting       | 4 5 7 9 10 | 10.0
Evocations     | 2 4 5 6 7 8 |  8.0
Shields        | 2 4 6 7 9 |  9.2

Action                   |  1- 3 |  4- 6 |  7- 9 | 10-12 | 13-15 || total
-------------------------+-------+-------+-------+-------+-------++-------
Melee: Hand axe          |   110 |   209 |   377 |   664 |    68 ||  1428
       War axe           |       |       |       |   305 |   378 ||   683
       Long sword        |       |       |       |     6 |    15 ||    21
       Tailslap          |       |       |       |       |     6 ||     6
       Broad axe         |       |       |       |       |   455 ||   455
Throw: Dart              |     3 |       |     8 |     7 |    22 ||    40
Invok: Berserk           |     2 |     1 |     3 |     9 |     5 ||    20
       Trog's Hand       |       |       |       |     3 |     3 ||     6
       Brothers in Arms  |       |       |       |     1 |     1 ||     2
Evoke: Condenser vane    |       |       |       |     1 |       ||     1
       Wand              |       |       |       |     1 |    11 ||    12
       Tin of tremorston |       |       |       |     1 |       ||     1
  Use: Scroll            |       |     1 |     9 |    14 |     9 ||    33
       Potion            |       |       |       |       |     4 ||     4
 Stab: Sleeping          |     1 |       |       |       |       ||     1
       Distracted        |       |       |       |     1 |       ||     1
Armor: Animal skin       |    40 |    13 |       |       |       ||    53
       Ring mail         |       |    63 |   132 |   284 |   284 ||   763
       Leather armour    |       |    14 |     9 |       |       ||    23
Dodge: Dodged            |    85 |   162 |   164 |   342 |   570 ||  1323
Block: Buckler           |       |       |    54 |   185 |   218 ||   457
